 Dungeon Sprint DCSS version 0.22-a0-78-g0f8607c (webtiles) character file.

15249 Kidiri the Unseen (level 11, -3/58 HPs)
             Began as a Spriggan Enchanter on Jan 16, 2018.
             Was the Champion of Dithmenos.
             Slain by a fire giant
             ... wielding a +1 great sword of flaming
              (17 damage)
             ... in the Dungeon (Sprint I: "Red Sonja").
             The game lasted 00:13:49 (2599 turns).

Kidiri the Unseen (Spriggan Enchanter)              Turns: 2599, Time: 00:13:50

Health: -3/58      AC:  5    Str:  2    XL:     11   Next: 99%
Magic:  5/30       EV: 36    Int: 22    God:    Dithmenos [******]
Gold:   2379       SH:  0    Dex: 18    Spells: 27/39 levels left

rFire    + . .     SeeInvis +   p - +5 short sword of Massacring {pierce, rPois rF+ rC+ Str-2}
rCold    + + .     Gourm    .   (shield restricted)
rNeg     . . .     Faith    .   n - +0 robe {rC+}
rPois    +         Spirit   .   (helmet restricted)
rElec    .         Reflect  .   k - +2 cloak
rCorr    .         Harm     .   (gloves unavailable)
MR       +....     NoTele   +   (boots unavailable)
Stlth    ++++++++++             (no amulet)
HPRegen  0.19/turn              m - +3 ring of intelligence
MPRegen  0.22/turn              b - +3 ring of evasion

@: wreathed by umbra, very quick
A: very small, unfitting armour, see invisible, herbivore, speed 3, slow
metabolism 2
a: Shadow Step, Shadow Form, Renounce Religion


You were in the Dungeon.
You worshipped Dithmenos.
Dithmenos was exalted by your worship.
You were not hungry.

You visited 1 branch You collected 3185 gold pieces.
You spent 806 gold pieces at shops.

Inventory:

Hand Weapons
 a - a +1 dagger
 p - the +5 short sword of Massacring (weapon) {pierce, rPois rF+ rC+ Str-2}
   (You bought it in a shop in the Dungeon)

   It inflicts extra damage upon your enemies.
   It affects your strength (-2).
   It protects you from fire.
   It protects you from cold.
   It protects you from poison.
Missiles
 q - a throwing net (quivered)
Armour
 k - a +2 cloak (worn)
 n - a +0 robe of cold resistance (worn)
Jewellery
 b - a +3 ring of evasion (right hand)
 m - a +3 ring of intelligence (left hand)
Scrolls
 j - a scroll of blinking
 l - a scroll of remove curse
 r - a scroll of identify
Potions
 e - 5 potions of curing
 g - a potion of haste
 h - 2 potions of magic
 i - a potion of flight
 s - a potion of invisibility {unknown}
Books
 c - a book of Maledictions

   Spells                             Type                      Level
   a - Corona                         Hexes                        1
   b - Ensorcelled Hibernation        Hexes/Ice                    2
   c - Confuse                        Hexes                        3
   d - Tukima's Dance                 Hexes                        3
   e - Dazzling Spray                 Conjuration/Hexes            3
 o - a book of Misfortune

   Spells                             Type                      Level
   a - Confusing Touch                Hexes                        1
   b - Confuse                        Hexes                        3
   c - Gell's Gravitas                Translocation                3
   d - Petrify                        Transmutation/Earth          4
   e - Metabolic Englaciation         Hexes/Ice                    5
   f - Yara's Violent Unravelling     Hexes/Transmutation          5
Comestibles
 d - 5 rations


   Skills:
 + Level 7.3 Fighting
 * Level 13.2 Short Blades
 + Level 6.7 Armour
 * Level 16.8 Dodging
 * Level 18.2 Stealth
 * Level 14.5 Spellcasting
 + Level 11.0 Hexes
 + Level 7.1 Ice Magic
 + Level 7.6 Invocations


You had 27 spell levels left.
You knew the following spells:

 Your Spells              Type           Power        Failure   Level  Hunger
a - Corona                Hex            ######.      1%          1    None
b - Ensorcelled Hibernat  Hex/Ice        ######       1%          2    None
c - Confuse               Hex            ######..     1%          3    None
d - Tukima's Dance        Hex            ######..     1%          3    None
e - Dazzling Spray        Conj/Hex       #####.       1%          3    None


Dungeon Overview and Level Annotations

Branches:
Dungeon (1/1)

Altars:
Cheibriados
Dithmenos
Elyvilon
Fedhas
Gozag
Hepliaklqana
Kikubaaqudgha
Makhleb
Nemelex Xobeh
Okawaru
Qazlal
Ru
Sif Muna
Trog
Uskayaw
Vehumet
Wu Jian
Xom
Yredelemnul
Zin
The Shining One
Jiyva
Lugonu

Shops:
D :*(=[****((*((?[(

Annotations:
D exclusion: 4 doors


Innate Abilities, Weirdness & Mutations

You are very small and have problems with some larger weapons.
You are too small for most types of armour.
You have supernaturally acute eyesight. (SInv)
You are a herbivore.
You cover ground extremely quickly.
You need consume almost no food.


Message History

The shadow shard hits the fire giant.
The fire giant misses you.
Casting: Dazzling Spray
Confirm with . or Enter, or press ? or * to list all spells.
Aiming: Dazzling Spray
Press: ? - help, Shift-Dir - straight line, f/p - fire giant
Aim: a fire giant, wielding a great sword of flaming (black smoke, severely wounded, umbra)
The spray of energy hits the fire giant.
The fire giant is severely wounded.
Unknown command.
Casting: Dazzling Spray
Confirm with . or Enter, or press ? or * to list all spells.
Aiming: Dazzling Spray
Press: ? - help, Shift-Dir - straight line, f/p - fire giant
Aim: a fire giant, wielding a great sword of flaming (severely wounded, umbra)
The spray of energy hits the fire giant.
The fire giant is severely wounded.
Your shadow mimicks your spell!
The shadow shard hits the fire giant.
The fire giant hits you with a great sword of flaming!
You die...

#.^...#...###§§###$#
###+##
#§.§§§+.....##§#A#$#
#§#
###§§§#^....#..###$#
#+#
+.#§§§###++##.##..$#
#.#§§###..###..#+###
#§#..####..###...#
#§##+#..#..#.###§#
#§##)#.....§...#§#
+§####.........#@#
#§#.('......####C#
#§#####...###§§§§#
+§# #####C.§#### ###
.....## .###


You could see a fire giant.

Vanquished Creatures
  A fire giant (D)
  A lorocyproca (D)
  A hydra (D)
  2 centaur warriors (D)
  Sonja (D)
  A deep troll (D)
  7 unseen horrors (D)
  A lindwurm (D)
  An oklob plant (D)
  A gargoyle (D)
  4 demonic crawlers (D)
  2 kobold demonologists (D)
  A hornet (D)
  A slime creature (D)
  2 redbacks (D)
  Sigmund (D)
  A yak (D)
  13 hogs (D)
  3 floating eyes (D)
  7 necrophages (D)
  An ogre (D)
  8 jellies (D)
  Ijyb (D)
  A ballistomycete (D)
63 creatures vanquished.

Vanquished Creatures (others)
  2 ballistomycete spores (D)
2 creatures vanquished.

Grand Total: 65 creatures vanquished

Notes
Turn   | Place    | Note
-------+----------+-------------------------------------------
     0 | D        | Kidiri the Spriggan Enchanter began the quest for the Orb.
     0 | D        | Reached XP level 1. HP: 9/9 MP: 5/5
     2 | D        | Noticed Ijyb
     8 | D        | Killed Ijyb
     8 | D        | Reached skill level 1 in Fighting
     8 | D        | Reached skill level 5 in Stealth
     8 | D        | Reached XP level 2. HP: 14/14 MP: 4/7
    46 | D        | Learned a level 2 spell: Ensorcelled Hibernation
    62 | D        | Noticed an ogre
    64 | D        | Killed an ogre
    64 | D        | Reached skill level 1 in Armour
    64 | D        | Reached skill level 7 in Stealth
    64 | D        | Reached skill level 5 in Spellcasting
    64 | D        | Reached skill level 1 in Ice Magic
    64 | D        | Reached XP level 3. HP: 18/18 MP: 7/10
    64 | D        | Reached XP level 4. HP: 23/23 MP: 8/12
    81 | D        | Learned a level 3 spell: Confuse
    85 | D        | Learned a level 3 spell: Tukima's Dance
    89 | D        | Learned a level 3 spell: Dazzling Spray
    98 | D        | Noticed Sigmund
   131 | D        | Killed Sigmund
   131 | D        | Reached skill level 5 in Short Blades
   131 | D        | Reached skill level 8 in Stealth
   131 | D        | Reached skill level 5 in Hexes
   131 | D        | Reached XP level 5. HP: 19/27 MP: 10/14
   217 | D        | Found an ornate altar of the Wu Jian Council.
   217 | D        | Found a deep blue altar of Sif Muna.
   219 | D        | Found a radiant altar of Vehumet.
   223 | D        | Reached skill level 9 in Stealth
   223 | D        | Reached XP level 6. HP: 31/32 MP: 14/16
   259 | D        | Found Xuproukk's General Store.
   259 | D        | Found an ancient bone altar of Kikubaaqudgha.
   259 | D        | Found a hazy altar of Hepliaklqana.
   259 | D        | Found a stormy altar of Qazlal.
   259 | D        | Found a hide-covered altar of Uskayaw.
   259 | D        | Found a blossoming altar of Fedhas.
   259 | D        | Found a bloodstained altar of Trog.
   259 | D        | Found an iron altar of Okawaru.
   259 | D        | Found a basalt altar of Yredelemnul.
   259 | D        | Found a glowing golden altar of the Shining One.
   259 | D        | Found a snail-covered altar of Cheibriados.
   259 | D        | Found a sacrificial altar of Ru.
   259 | D        | Found a glowing silver altar of Zin.
   259 | D        | Found a shadowy altar of Dithmenos.
   259 | D        | Found a white marble altar of Elyvilon.
   259 | D        | Noticed a yak
   260 | D        | Found an opulent altar of Gozag.
   261 | D        | Killed a yak
   261 | D        | Reached skill level 10 in Stealth
   262 | D        | Found a sparkling altar of Nemelex Xobeh.
   271 | D        | Became a worshipper of Dithmenos the Shadowed
   292 | D        | Bought a scroll of identify for 28 gold pieces
   292 | D        | Bought a scroll of remove curse for 42 gold pieces
   307 | D        | Found a viscous altar of Jiyva.
   307 | D        | Found a corrupted altar of Lugonu.
   307 | D        | Noticed a slime creature
   308 | D        | Found a burning altar of Makhleb.
   308 | D        | Found a shimmering altar of Xom.
   310 | D        | Killed a slime creature
   310 | D        | Reached skill level 1 in Invocations
   310 | D        | Reached XP level 7. HP: 36/36 MP: 17/19
   327 | D        | Noticed a kobold demonologist
   328 | D        | Noticed a kobold demonologist
   332 | D        | Killed a kobold demonologist
   332 | D        | Reached * piety under Dithmenos
   332 | D        | Reached skill level 10 in Dodging
   332 | D        | Reached skill level 11 in Stealth
   333 | D        | Killed a kobold demonologist
   333 | D        | Reached XP level 8. HP: 42/42 MP: 20/22
   356 | D        | Noticed Sonja
   362 | D        | Killed Sonja
   362 | D        | Reached skill level 12 in Stealth
   362 | D        | Reached skill level 10 in Spellcasting
   385 | D        | Found Gotithru's Book Boutique.
   406 | D        | Noticed a deep troll
   409 | D        | Killed a deep troll
   409 | D        | Reached ** piety under Dithmenos
   409 | D        | Reached skill level 13 in Stealth
   409 | D        | Reached XP level 9. HP: 46/46 MP: 21/24
   419 | D        | Found Kusmu's Armour Emporium.
   435 | D        | Bought a +2 cloak for 181 gold pieces
   459 | D        | Noticed a centaur warrior
   459 | D        | Noticed a centaur warrior
   472 | D        | Killed a centaur warrior
   472 | D        | Reached skill level 5 in Fighting
   472 | D        | Reached skill level 14 in Stealth
   474 | D        | Killed a centaur warrior
   474 | D        | Reached skill level 10 in Short Blades
   474 | D        | Reached skill level 5 in Ice Magic
   698 | D        | Reached skill level 5 in Armour
   721 | D        | Noticed an oklob plant
   728 | D        | Killed an oklob plant
   728 | D        | Reached XP level 10. HP: 28/51 MP: 19/26
   867 | D        | Reached *** piety under Dithmenos
   867 | D        | Reached skill level 5 in Invocations
  1087 | D        | Noticed an unseen horror
  1088 | D        | Noticed an unseen horror
  1099 | D        | Killed an unseen horror
  1099 | D        | Reached skill level 15 in Stealth
  1101 | D        | Killed an unseen horror
  1199 | D        | Reached **** piety under Dithmenos
  1204 | D        | Reached ***** piety under Dithmenos
  1325 | D        | Found Qaenoun's Jewellery Shoppe.
  1325 | D        | Found Kudox's Weapon Shop.
  1325 | D        | Found Xuaxte's Antique Armour Boutique.
  1327 | D        | Found Nadoaz's General Store.
  1327 | D        | Found Cijit's Assorted Antiques.
  1327 | D        | Found Bigotop's Assorted Antiques.
  1327 | D        | Found Odghutz's Assorted Antiques.
  1327 | D        | Found Qunkekk's Antique Weapon Emporium.
  1327 | D        | Found Goluig's Weapon Shop.
  1327 | D        | Found Muott's General Store.
  1329 | D        | Bought the +5 short sword of Massacring {pierce, rPois rF+ rC+ Str-2} for 555 gold pieces
  1331 | D        | Found Ereu's Antique Weapon Boutique.
  1332 | D        | Found Naneasif's Magic Scroll Emporium.
  1332 | D        | Found Utoczi's Antique Weapon Boutique.
  1333 | D        | Found Qiymuc's Antique Weapon Emporium.
  1451 | D        | Reached skill level 16 in Stealth
  1575 | D        | Noticed a lindwurm
  1579 | D        | Killed a lindwurm
  1579 | D        | Reached ****** piety under Dithmenos
  1579 | D        | Reached skill level 15 in Dodging
  1579 | D        | Reached XP level 11. HP: 57/57 MP: 28/28
  1630 | D        | Reached skill level 10 in Hexes
  1743 | D        | Noticed a 12-headed hydra
  1746 | D        | Killed a 12-headed hydra
  1746 | D        | Reached skill level 17 in Stealth
  1973 | D        | Noticed a lorocyproca
  1976 | D        | Killed a lorocyproca
  2330 | D        | Noticed a daeva
  2333 | D        | Noticed an unseen horror
  2333 | D        | Noticed an unseen horror
  2333 | D        | Noticed an unseen horror
  2334 | D        | Noticed an unseen horror
  2336 | D        | Killed an unseen horror
  2337 | D        | Noticed an unseen horror
  2338 | D        | Killed an unseen horror
  2339 | D        | Killed an unseen horror
  2341 | D        | Killed an unseen horror
  2343 | D        | Killed an unseen horror
  2444 | D        | Noticed a fire giant
  2466 | D        | Killed a fire giant
  2466 | D        | Reached skill level 18 in Stealth
  2580 | D        | Noticed a fire giant
  2599 | D        | Slain by a fire giant

Vault maps used:
D:        dungeon_sprint_1

Skill      XL: |  1  2  3  4  5  6  7  8  9 10 11 |
---------------+----------------------------------+-----
Fighting       | 1 2 3 4 5 6 7 |  7.3
Short Blades   | 2 4 5 6 8 9 10 11 13 | 13.2
Dodging        | 4 6 7 8 9 10 12 13 15 16 | 16.8
Stealth        | 5 7 8 9 10 11 13 14 16 18 | 18.2
Spellcasting   | 3 5 6 8 9 10 11 12 14 | 14.5
Hexes          | 4 5 6 7 8 9 11 | 11.0
Armour         | 1 2 3 4 5 6 |  6.7
Ice Magic      | 1 2 3 4 5 6 7 |  7.1
Invocations    | 1 2 3 4 6 7 |  7.6

Action                   |  1- 3 |  4- 6 |  7- 9 | 10-12 || total
-------------------------+-------+-------+-------+-------++-------
Melee: Dagger            |     6 |     4 |    13 |    29 ||    52
       Unarmed           |       |    15 |       |       ||    15
       Short sword       |       |       |       |   151 ||   151
 Fire: Shortbow          |       |       |       |     2 ||     2
 Cast: Corona            |     1 |       |       |       ||     1
       Ensorcelled Hiber |       |     1 |     4 |     7 ||    12
       Confuse           |       |       |     4 |     6 ||    10
       Dazzling Spray    |       |       |     3 |    21 ||    24
Invok: Shadow Step       |       |       |     1 |     5 ||     6
  Use: Potion            |     1 |       |       |     1 ||     2
       Scroll            |       |     1 |       |     1 ||     2
 Stab: Sleeping          |     1 |     4 |     7 |    22 ||    34
       Confused          |       |       |     2 |       ||     2
       Invisible         |       |       |     1 |     6 ||     7
Armor: Robe              |       |       |     1 |     6 ||     7
Dodge: Dodged            |     2 |     8 |    10 |   155 ||   175

Table legend:
 A = Spawn XP
 B = Non-spawn XP
 C = Spawn XP percentage of total XP
 D = Spawn monster count
 E = Non-spawn monster count
 F = Spawn count percentage of total count
 G = Total turns spent on level
                    A         B        C        D         E        F      G
               +---------+---------+-------+---------+---------+-------+---------
         Total |       0 |   21785 |   0.0 |       0 |      62 |   0.0 |  2599
               +---------+---------+-------+---------+---------+-------+---------
             D |       0 |   21785 |   0.0 |       0 |      62 |   0.0 |  2599
               +---------+---------+-------+---------+---------+-------+---------
